 Dungeon Sprint DCSS version 0.30.1-11-g7821555f0a (webtiles) character file.

Game seed: 9551359245153134777

130 Heoruswealwe the Spear-Bearer (level 4, -10/45 HPs)
             Began as a Minotaur Fighter on Nov 3, 2023.
             Was an Initiate of Gozag.
             Mangled by a troll (11 damage)
             ... in the Dungeon (Sprint IX: "|||||||||||||||||||||||||||||").
             The game lasted 00:01:15 (141 turns).

Heoruswealwe the Spear-Bearer (Minotaur Fighter)     Turns: 141, Time: 00:01:16

Health: -10/45     AC:  7    Str: 23    XL:     4   Next: 90%
Magic:  3/3        EV:  9    Int:  5    God:    Gozag
Gold:   0          SH:  4    Dex:  9    Spells: 3/3 levels left

rFire   . . .        a - +0 trident
rCold   . . .        d - +0 buckler
rNeg    . . .        c - +0 scale mail
rPois   .            (helmet restricted)
rElec   .            (no cloak)
rCorr   .            (no gloves)
SInv    .            (no boots)
Will    .....        (no amulet) Stlth
                     (no ring)
HPRegen 0.27/turn    (no ring)
MPRegen 0.08/turn

%: no teleportation
@: no status effects
A: horns 2, retaliatory headbutt
a: Renounce Religion, Potion Petition, Call Merchant, Bribe Branch


You were in the Dungeon.
You worshipped Gozag.
Gozag was noncommittal.
You visited 1 branch

Inventory:

Hand Weapons
 a - a +0 trident (weapon)
 k - a +2 halberd of venom
Armour
 c - a +0 scale mail (worn)
 d - a +0 buckler (worn)
Jewellery
 l - a +2 ring of protection
 m - a +3 ring of strength
Wands
 h - a wand of quicksilver (10)
Scrolls
 j - 2 scrolls of blinking
Potions
 b - a potion of might
 e - 5 potions of curing
 f - 3 potions of heal wounds
 g - a potion of haste
 i - a potion of berserk rage


   Skills:
 + Level 6.8 Fighting
 * Level 8.6 Polearms
 + Level 6.8 Armour
 - Level 3.6 Shields


You had 3 spell levels left.
You didn't know any spells.
Your spell library was empty.

Dungeon Overview and Level Annotations

Branches:
Dungeon (1/1)

Altars:
Cheibriados
Dithmenos
Elyvilon
Fedhas
Gozag
Hepliaklqana
Kikubaaqudgha
Makhleb
Nemelex Xobeh
Okawaru
Qazlal
Ru
Sif Muna
Trog
Uskayaw
Vehumet
Wu Jian
Xom
Yredelemnul
Zin
The Shining One
Jiyva
Lugonu


Innate Abilities, Weirdness & Mutations

You have a pair of horns on your head.
You reflexively headbutt those who attack you in melee.


Message History

The troll is lightly wounded.
You block the troll's attack. The troll claws you but does no damage.
You block the troll's attack.
You barely miss the troll.
The troll is lightly wounded.
The troll closely misses you. You block the troll's attack.
The troll claws you.
You closely miss the troll. Your headbutt misses the troll.
The troll is lightly wounded.
You block the troll's attack. The troll claws you.
You block the troll's attack.
You hit the troll. Your headbutt misses the troll.
The troll is lightly wounded.
The troll closely misses you. The troll claws you but does no damage.
The troll claws you!
You puncture the troll!
The troll is moderately wounded.
The troll bites you! The troll claws you!
* * * LOW HITPOINT WARNING * * *
The troll completely misses you.
You barely miss the troll.
The troll is moderately wounded.
The troll misses you. You block the troll's attack. The troll claws you.
* * * LOW HITPOINT WARNING * * *
You hit the troll.
You headbutt the troll, but do no damage.
The troll is moderately wounded.
The troll barely misses you. The troll claws you.
* * * LOW HITPOINT WARNING * * *
The troll claws you.
* * * LOW HITPOINT WARNING * * *
You puncture the troll!
The troll is severely wounded.
The howler monkey hoots and howls with incredible vigour!
You hear an angry buzzing noise.
You hit the troll. You headbutt the troll.
The troll is severely wounded.
The troll bites you!
You die...
Your body crumbles into a pile of gold.

$
▓.▓
$
▓y▓
$ $
▓K▓
$
▓c▓
$
▓h▓
$
▓Y▓
$ $
▓T▓
▓@▓
$
▓.▓
▓[▓
$
▓[▓
▓[▓
$
▓.▓
$
▓)▓
$
▓?▓
$
▓!▓


You could see a yak, a troll, a hornet, a kobold brigand, a centaur and a howler
monkey (catching breath).

Vanquished Creatures
  An ogre (D)
  A hound (D)
  An adder (D)
  A worm (D)
  An orc (D)
  An endoplasm (D)
  2 hobgoblins (D)
  A bat (D)
  A rat (D)
10 creatures vanquished.

Notes
Turn   | Place    | Note
-------+----------+-------------------------------------------
     0 | D        | Heoruswealwe the Minotaur Fighter began the quest for the
                  | Orb.
     0 | D        | Reached XP level 1. HP: 19/19 MP: 0/0
    11 | D        | Reached skill level 3 in Polearms
    62 | D        | Noticed a hound
    62 | D        | Noticed an ogre
    65 | D        | Reached skill level 4 in Polearms
    65 | D        | Reached XP level 2. HP: 28/28 MP: 1/1
    70 | D        | Reached skill level 5 in Polearms
    73 | D        | Killed an ogre
    74 | D        | Reached skill level 7 in Polearms
    74 | D        | Reached XP level 3. HP: 29/38 MP: 2/2
    74 | D        | Reached XP level 4. HP: 34/45 MP: 3/3
    75 | D        | Reached skill level 8 in Polearms
    87 | D        | Found a snail-covered altar of Cheibriados.
    87 | D        | Found a shadowy altar of Dithmenos.
    87 | D        | Found a white marble altar of Elyvilon.
    87 | D        | Found a blossoming altar of Fedhas.
    87 | D        | Found an opulent altar of Gozag.
    88 | D        | Found a hazy altar of Hepliaklqana.
    89 | D        | Found a viscous altar of Jiyva.
    90 | D        | Found an ancient bone altar of Kikubaaqudgha.
    91 | D        | Found a corrupted altar of Lugonu.
    92 | D        | Found a burning altar of Makhleb.
    93 | D        | Found a sparkling altar of Nemelex Xobeh.
    94 | D        | Found an iron altar of Okawaru.
    95 | D        | Became a worshipper of Gozag Ym Sagoz the Greedy
    96 | D        | Found a stormy altar of Qazlal.
    97 | D        | Found a sacrificial altar of Ru.
    98 | D        | Found a shimmering blue altar of Sif Muna.
    99 | D        | Found a bloodstained altar of Trog.
   100 | D        | Found a hide-covered altar of Uskayaw.
   101 | D        | Found a radiant altar of Vehumet.
   102 | D        | Found an ornate altar of the Wu Jian Council.
   103 | D        | Found a shimmering altar of Xom.
   104 | D        | Found a basalt altar of Yredelemnul.
   105 | D        | Found a glowing silver altar of Zin.
   106 | D        | Found a glowing golden altar of the Shining One.
   131 | D        | Noticed a hornet
   131 | D        | Noticed a kobold brigand
   131 | D        | Noticed a centaur
   131 | D        | Noticed a yak
   131 | D        | Noticed a troll
   139 | D        | HP: 2/45 [troll (2)]
   141 | D        | Mangled by a troll

Illustrated notes

Levels and vault maps discovered:
D:        linesprint [early_d, line_temple, items_1, d_10, items_2, lair_1,
          lair_end, items_3, orc_1, orc_end, items_4, d_15, swamp_1, shoals_1,
          snake_1, spider_1, d_20, vaults_1, items_5, swamp_end, shoals_end,
          snake_end, spider_end, vaults_end, d_27, items_6, zot_1, zot_end,
          crypt_end, forest_end, elf_end, slime_end, tomb_end, abyss_end,
          pan_hell_end]

Skill      XL: |  1  2  3  4 |
---------------+-------------+-----
Polearms       | 4 7 8 |  8.6
Fighting       | 4 6 |  6.8
Armour         | 4 6 |  6.8
Shields        | |  3.6

Action                     |  1- 3 |  4- 6 || total
---------------------------+-------+-------++-------
  Melee: Trident           |    32 |    17 ||    49
         Headbutt          |     3 |     3 ||     6
 Armour: Scale mail        |     8 |     4 ||    12
  Dodge: Dodged            |    10 |    10 ||    20
  Block: Buckler           |     7 |     7 ||    14
